AoeStats
← Serain

Black Forest

509800860Analyzed
3v3 RM · 6d ago on Sep 28, 2026· 52m 13s· 6 players
Game mode
Random Map
Map size
Normal (6 player)
Population
200
Speed
Normal
Resources
Standard
Victory
Conquest
Starting age
Dark Age
Ending age
Imperial Age
RankedLock teamsTeams togetherTeam positionsShared explorationLock speedFull tech treeHidden civsTurbo modeCheats
Victory
Defeat
🇺🇸 Khmer · United States
1026
+13
🇺🇸 Varangians · United States
930
+16
🇺🇸 Spanish · United States
736
+25
🇨🇴 Turks · Colombia
1010
-21
🇨🇴 Britons · Colombia
956
-19
🇨🇴 Persians · Colombia
847
-14
Purdue
5:51 Loom
11:42 Feudal Age
14:46 Castle Age
12:56 Double-Bit Axe
13:14 Horse Collar
17:47 Wheelbarrow
18:42 Fervor
25:57 Town Watch
27:24 Bloodlines
27:32 Heavy Plow
28:23 Forging
29:52 Hand Cart
33:00 Imperial Age
30:46 Bow Saw
31:14 Iron Casting
30:45 Scale Barding Armor
30:47 Husbandry
30:56 Tusk Swords
31:19 Gold Mining
31:44 Scale Barding Armor
32:12 Caravan
33:03 Chain Barding Armor
32:38 Fletching
32:48 Padded Archer Armor
32:49 Scale Mail Armor
33:48 Herbal Medicine
34:22 Elite Skirmisher
36:04 Blast Furnace
35:39 Plate Barding Armor
35:34 Conscription
36:53 Chemistry
35:59 Siege Engineers
36:46 Stone Mining
37:32 Gold Shaft Mining
37:22 Double Crossbow
38:19 Bodkin Arrow
38:39 Leather Archer Armor
38:39 Chain Mail Armor
38:57 Heavy Scorpion
39:04 Elite Battle Elephant
39:34 Arson
40:57 Pikeman
41:44 Bracer
42:14 Ring Archer Armor
42:44 Stone Shaft Mining
44:22 Crop Rotation
44:17 Ballistics
47:23 Halberdier
49:41 Light Cavalry
50:12 Light Cavalry
vilev
10:19 Feudal Age
10:50 Horse Collar
10:56 Double-Bit Axe
12:42 Gold Mining
20:36 Castle Age
21:14 Forging
21:18 Scale Barding Armor
21:18 Padded Archer Armor
22:21 Wheelbarrow
23:05 Heavy Plow
23:47 Bow Saw
26:52 Pikeman
28:49 Squires
29:20 Caravan
30:01 Leather Archer Armor
31:37 Husbandry
31:47 Bloodlines
30:58 Light Cavalry
33:11 Hand Cart
32:44 Town Watch
32:46 Loom
34:26 Thumb Ring
34:52 Town Patrol
36:10 Ballistics
36:07 Inquisition
40:01 Imperial Age
41:06 Chain Barding Armor
41:17 Ring Archer Armor
41:24 Fervor
41:29 Block Printing
41:58 Conscription
43:54 Two-Man Saw
43:14 Elite Conquistador
45:04 Plate Barding Armor
44:31 Fletching
46:44 Theocracy
47:15 Chemistry
46:28 Masonry
46:49 Gambesons
48:09 Iron Casting
48:16 Cavalier
48:18 Hussar
48:22 Halberdier
50:39 Heavy Mounted Crossbowman
Serain
10:26 Feudal Age
11:05 Double-Bit Axe
16:27 Castle Age
16:42 Horse Collar
18:13 Stone Mining
25:35 Heavy Plow
25:51 Bow Saw
31:19 Scale Barding Armor
31:25 Forging
32:29 Wheelbarrow
35:40 Imperial Age
33:46 Stone Shaft Mining
33:06 Gold Mining
34:20 Hand Cart
34:12 Caravan
34:05 Vendel Legacy
35:04 Masonry
34:51 Murder Holes
35:43 Chain Barding Armor
35:58 Iron Casting
36:06 Fortified Wall
35:40 Treadmill Crane
35:50 Elite Jarl
36:52 Bloodlines
36:04 Light Cavalry
37:10 Siege Engineers
37:38 Architecture
39:25 Husbandry
38:46 Light Cavalry
38:49 Cavalier
40:28 Plate Barding Armor
40:54 Blast Furnace
40:54 Hussar
43:58 Crop Rotation
43:21 Fletching
43:31 Padded Archer Armor
43:31 Scale Mail Armor
44:24 Conscription
46:12 Onager
47:28 Gothikon
49:44 Bodkin Arrow
50:04 Leather Archer Armor
Griffith
zamithdaniel
11:41 Feudal Age
16:52 Castle Age
18:14 Horse Collar
20:45 Double-Bit Axe
24:48 Stone Mining
24:51 Gold Mining
26:37 Heavy Plow
27:01 Bow Saw
30:58 Imperial Age
29:33 Padded Archer Armor
29:44 Forging
30:54 Fortified Wall
31:33 Loom
32:24 Wheelbarrow
31:34 Town Watch
33:10 Conscription
32:52 Artillery
34:29 Two-Man Saw
34:28 Elite Janissary
38:11 Leather Archer Armor
38:31 Iron Casting
38:02 Scale Barding Armor
39:02 Bloodlines
38:54 Husbandry
41:34 Blast Furnace
41:04 Ring Archer Armor
40:58 Devotion
41:32 Chain Barding Armor
42:24 Hand Cart
48:50 Plate Barding Armor
Dovahkyn
5:40 Loom
12:10 Feudal Age
16:24 Castle Age
16:34 Double-Bit Axe
16:31 Horse Collar
16:46 Gold Mining
16:46 Stone Mining
22:47 Bow Saw
23:29 Heavy Plow
25:30 Stone Mining
31:18 Imperial Age
29:42 Wheelbarrow
28:53 Town Watch
29:05 Fletching
29:15 Padded Archer Armor
29:39 Ballistics
29:00 Treadmill Crane
29:37 Forging
31:10 Hand Cart
31:41 Bodkin Arrow
33:05 Two-Man Saw
32:33 Conscription
32:33 Caravan
32:53 Bracer
33:09 Fervor
34:02 Chemistry
33:52 Heavy Scorpion
34:47 Elite Longbowman
37:31 Leather Archer Armor
37:57 Iron Casting
38:53 Warwolf
39:47 Fortified Wall
43:31 Yeomen
43:56 Siege Engineers
48:33 Ring Archer Armor
Connection lost

Rejoining the realm…

Still unreachable

The connection could not be restored.

Session expired

The server has moved on; the page needs a fresh start.